[Event "Early-Titled-Tuesday-Blitz-March-26-2024"]
[Site "Chess.com"]
[Date "2024.03.26"]
[Round "2"]
[White "Nf3c5"]
[Black "GMG"]
[Result "0-1"]
[WhiteElo "2538"]
[BlackElo "2801"]
[TimeControl "180+1"]
[EndTime "8:18:35 PDT"]
[Termination "GMG won on time"]

1. e4 c6 2. d4 d5 3. exd5 cxd5 4. Bd3 Nc6 5. c3 Qc7 6. h3 g6 7. Nf3 Bf5 8. Be2 Nf6 9. O-O e6 10. Na3 Bxa3 11. bxa3 h6 12. c4 dxc4 13. Bxc4 Rd8 14. Qe2 Be4 15. d5 exd5 16. Bb2 Rd6 17. Bxf6 O-O 18.
Bc3 Bxf3 19. Qxf3 dxc4 20. Qf4 g5 21. Qxc4 Qd7 22. Rae1 Re8 23. Bb2 Rxe1 24. Rxe1 Rd1 25. Qc3 Rxe1+ 26. Qxe1 Qe6 27. Qc3 Kf8 28. Qh8+ Ke7 29.
Qc3 Kd7 30. Qf3 f5 31. Qc3 Kc8 32. Qh8+ Kc7 33. Qg7+ Kb6 34. Qc3 Ka6 35. Qd3+ b5 36. Qc2 Kb6 37. Qd2 Qe4 38. f3 Qc4 39. Qf2+ Qc5 40.
Qxc5+ Kxc5 41. Bg7 h5 42. Bf6 g4 43. fxg4 fxg4 44.
h4 Kd5 45. Kf2 Ke4 46. Bc3 Ne7 47. g3 Nd5 48. Bd2 a6 49. Ke2 Nb6 50. Bb4 Nc4 51.
Bf8 Ne5 52. Be7 Nf3 53. Bc5 Nd4+ 0-1

[Event "Early-Titled-Tuesday-Blitz-March-26-2024"]
[Site "Chess.com"]
[Date "2024.03.26"]
[Round "2"]
[White "NelsonLinda"]
[Black "CFalcons8"]
[Result "1-0"]
[WhiteElo "2640"]
[BlackElo "2401"]
[TimeControl "180+1"]
[EndTime "8:18:35 PDT"]
[Termination "NelsonLinda won by resignation"]

1. Nf3 Nf6 2. g3 e6 3. Bg2 d5 4. O-O c5 5. d3 Nc6 6. Nbd2 Be7 7.
e4 O-O 8. Re1 b5 9. e5 Nd7 10.
Nf1 b4 11. h4 c4 12. d4 a5 13. h5 Ra6 14. Ne3 f5 15. exf6 Nxf6 16. h6 g6 17. Nh2 a4 18. Neg4 Nxg4 19. Nxg4 Bf6 20. Nxf6+ Qxf6 21.
Be3 Ne7 22. a3 bxa3 23. Rxa3 Nf5 24. Qd2 Rb6 25. c3 Bd7 26. Bg5 Qf7 27. Bf4 Nd6 28.
Qc2 Qf5 29. Qe2 Rfb8 30. Ra2 Rf8 31. Be5 Nb5 32. Bf4 a3 33. Qd2 axb2 34. Rxb2 Ra8 35. Reb1 Ra2 36. Bf1 Qxb1 37. Rxa2 Nxc3 38. Ra8+ Kf7 39.
Qxc3 Rb3 40. Qa5 c3 41. Qd8 e5 42. Qf8+ Ke6 43. Qg8+ Kd6 44. Bxe5+ Kc6 45. Ra6+ Rb6 46. Rxb6+ Kxb6 47. Qb8+ Ka5 48. Qxb1 1-0

[Event "Early-Titled-Tuesday-Blitz-March-26-2024"]
[Site "Chess.com"]
[Date "2024.03.26"]
[Round "2"]
[White "MikeSailer"]
[Black "Happy1712Drummer"]
[Result "1-0"]
[WhiteElo "2078"]
[BlackElo "2446"]
[TimeControl "180+1"]
[EndTime "8:18:35 PDT"]
[Termination "MikeSailer won by checkmate"]

1. d4 d5 2. Nf3 e6 3. Bf4 Nf6 4. e3 Bd6 5. Nbd2 b6 6. c3 Bb7 7. Bd3 Ne4 8. O-O O-O 9. Qc2 f5 10. Ne5 Nd7 11. Nxd7 Qxd7 12. Nf3 c5 13. Bxd6 Qxd6 14.
Bxe4 fxe4 15. Ne5 Rf6 16. f3 Ba6 17. Rf2 Raf8 18. f4 Bb5 19. a4 Be8 20. a5 b5 21.
dxc5 Qxc5 22. Qd2 g5 23. g3 Bh5 24. Qd4 Qxd4 25. cxd4 gxf4 26. gxf4 Rc8 27. Rg2+ Kf8 28. Nd7+ Kf7 29. Nxf6 Kxf6 30. Rd2 Bf3 31. Kf2 Rc4 32. a6 Bh5 33. Ra3 Be8 34. Rc3 Ra4 35. Rc8 Bh5 36.
Rb8 Rxa6 37. Rxb5 Be8 38. Rb7 Bc6 39. Rxh7 Rb6 40. Rh8 a5 41. Rc8 a4 42. Rc2 Bb5 43. Ra8 Bd3 44. Rc7 Rxb2+ 45. Kg3 Bc2 46. Rf8+ Kg6 47.
Rff7 Bd1 48. Rg7+ Kh6 49. Rh7+ Kg6 50. Rcg7+ Kf6 51. h4 Re2 52. Rf7+ Kg6 53. h5# 1-0

[Event "Early-Titled-Tuesday-Blitz-March-26-2024"]
[Site "Chess.com"]
[Date "2024.03.26"]
[Round "2"]
[White "Kotlyar_K"]
[Black "JiiHart"]
[Result "1-0"]
[WhiteElo "2589"]
[BlackElo "2207"]
[TimeControl "180+1"]
[EndTime "8:18:37 PDT"]
[Termination "Kotlyar_K won on time"]

1. e4 c5 2. Nf3 Nc6 3. d4 cxd4 4. Nxd4 Nf6 5. Nc3 d6 6. Bg5 Bd7 7. Be2 a6 8. Qd2 e6 9. O-O-O Be7 10. g4 b5 11. Bf3 Ne5 12. Be2 Rc8 13. f4 Nc4 14. Bxc4 Rxc4 15. Rhg1 Qc7 16. Nce2 Nxe4 17. Qe3 Nxg5 18.
fxg5 Qc5 19. h4 e5 20. Rge1 O-O 21. Nf5 Bxf5 22. Qxc5 Rxc5 23. gxf5 Rfc8 24. c3 b4 25. Rd3 bxc3 26. Nxc3 h6 27. Rg1 Rc4 28. Kb1 Rxh4 29. gxh6 Rxh6 30. Nd5 Bf8 31. f6 g6 32. Ne7+ Bxe7 33.
fxe7 Re8 34. Rxd6 Rxe7 35. Rxa6 e4 36. Ra8+ Kg7 37. Ra3 e3 38. Re1 e2 39. Kc2 Rh2 40. Kd2 f5 41. b4 f4 42. Rb3 g5 43. b5 g4 44. b6 f3 45. b7 Rh8 46. Rg1 Re4 47.
Rxf3 e1=Q+ 48. Rxe1 Rxe1 49. Rb3 Ree8 50. a4 Rb8 51. a5 g3 52. a6 Rhd8+ 53. Ke2 Rxb7 54. Rxb7+ 1-0

[Event "Early-Titled-Tuesday-Blitz-March-26-2024"]
[Site "Chess.com"]
[Date "2024.03.26"]
[Round "2"]
[White "stratacticos"]
[Black "ajeale2"]
[Result "0-1"]
[WhiteElo "1858"]
[BlackElo "2451"]
[TimeControl "180+1"]
[EndTime "8:18:37 PDT"]
[Termination "ajeale2 won on time"]

1. b4 e5 2. Bb2 Bxb4 3. Bxe5 Nf6 4. a3 Bc5 5. e3 Nc6 6. Bb2 O-O 7. Nf3 d5 8. Be2 Bf5 9. O-O d4 10. Nxd4 Nxd4 11.
Bxd4 Bxd4 12. exd4 Qxd4 13. Nc3 Rad8 14. Bf3 Qxd2 15.
Qxd2 Rxd2 16. Bxb7 Rxc2 17. Nd1 Rb8 18. Ne3 Rxb7 19.
Nxf5 g6 20. Ne3 Rc3 21. Rfc1 Rbb3 22. Rxc3 Rxc3 23. a4 Ne4 24. h4 Kg7 25. Rb1 Nd6 26.
Nd5 Rc4 27. h5 c6 28. Ne3 Rxa4 29. hxg6 hxg6 30. Rd1 Nc4 31. Nxc4 Rxc4 32. Ra1 c5 33. Rxa7 Rc1+ 34. Kh2 c4 35. g4 c3 36. Rc7 Kf6 37.
f4 Ke6 38. Kg2 c2 39. Kh2 Kd5 40. Kg2 Ke4 41. f5 g5 42. Rc4+ Kd3 43. Rc7 Re1 44. Rd7+ Ke3 45. Re7+ Kd2 46. Rd7+ Kc3 47. Rc7+ Kd3 48.
Rd7+ Kc3 49. Rc7+ Kb2 50. Rb7+ Kc1 51. Rxf7 Re4 52. Rc7 Kd2 0-1

[Event "Early-Titled-Tuesday-Blitz-March-26-2024"]
[Site "Chess.com"]
[Date "2024.03.26"]
[Round "2"]
[White "rhwr"]
[Black "zverr1"]
[Result "0-1"]
[WhiteElo "2301"]
[BlackElo "2525"]
[TimeControl "180+1"]
[EndTime "8:18:38 PDT"]
[Termination "zverr1 won by resignation"]

1. e4 c5 2. Nf3 Nc6 3. d4 cxd4 4. Nxd4 g6 5. Be3 Nf6 6. Nc3 Bg7 7. Be2 O-O 8. O-O d5 9. Nxc6 bxc6 10. e5 Nd7 11. f4 e6 12. Rb1 f6 13. exf6 Qxf6 14. Na4 d4 15. Bd2 c5 16. Bf3 Rb8 17. Re1 Ba6 18.
b3 Rbc8 19. Nb2 Nb6 20. Nd3 Kh8 21. Ne5 Rfd8 22. g3 c4 23. bxc4 Nxc4 24. Nxc4 Bxc4 25.
Rb7 a6 26. a3 Bf8 27. Bb4 Bxb4 28. axb4 Rd6 29. Re5 Qd8 30. Be4 Rc7 31. Rxc7 Qxc7 32. Qa1 Qb6 33. Qa5 Kg7 34. Rc5 Bb5 35. Rc7+ Kf6 36.
Qxb6 Rxb6 37. Rxh7 Bc6 38. Bd3 Rxb4 39. g4 e5 40. g5+ Ke6 41. f5+ gxf5 42. Rh6+ Kd5 43. Bxf5 Ba4 44. g6 Rb7 45. g7 Rxg7+ 46. Kf2 Rf7 47. Rh5 Bd7 48. h4 Rxf5+ 49. Rxf5 Bxf5 50. Kg3 Bxc2 51. h5 Bh7 52. h6 a5 53. Kg4 a4 54.
Kg5 a3 55. Kf6 a2 56. Kg7 a1=Q 57. Kxh7 Qb1+ 58. Kg7 Qh1 59. h7 Qxh7+ 60. Kxh7 d3 61. Kg6 d2 0-1

[Event "Early-Titled-Tuesday-Blitz-March-26-2024"]
[Site "Chess.com"]
[Date "2024.03.26"]
[Round "2"]
[White "Dixit_Nikhil"]
[Black "Chessmissile07"]
[Result "0-1"]
[WhiteElo "2630"]
[BlackElo "2935"]
[TimeControl "180+1"]
[EndTime "8:18:39 PDT"]
[Termination "Chessmissile07 won by resignation"]

1. e4 a6 2. d4 d5 3. exd5 Qxd5 4.
Nc3 Qd6 5. g3 Nf6 6. Bg2 g6 7. Nf3 Bg7 8. O-O O-O 9. Bf4 Qb6 10.
Na4 Qb5 11. b3 Qd7 12. c4 Qd8 13. d5 Nbd7 14. Re1 Nh5 15. Be3 Bxa1 16. Qxa1 Ndf6 17. h3 Ng7 18. g4 Re8 19. Bd4 b5 20. Nc5 bxc4 21. bxc4 a5 22. Ne5 Qd6 23. Nc6 Ba6 24. Nxa6 Rxa6 25. Be5 Qd7 26. Qd4 Rb6 27. Qc5 a4 28.
Ba1 Qd6 29. Qd4 Rxc6 30. dxc6 Qxd4 31. Bxd4 Ne6 32. Be5 Rb8 33. f4 Ne8 34. f5 Nc5 35.
fxg6 hxg6 36. Rd1 Nd6 37. Bd4 Ne6 38. Bf2 Nxc4 39. Bg3 Nd6 40. Bd5 Rb2 41. Rc1 Rd2 42.
Bxe6 fxe6 43. a3 Rd3 44. Bxd6 exd6 45. Rb1 Rc3 46. Rb4 Rxc6 47. Rxa4 Rc3 48. Kg2 g5 49. Ra8+ Kf7 50. a4 c5 51. a5 Ra3 52. a6 Kf6 53. a7 Ke5 54. h4 gxh4 55. g5 c4 56. g6 d5 57. g7 Rg3+ 58. Kf2 Rxg7 0-1

[Event "Early-Titled-Tuesday-Blitz-March-26-2024"]
[Site "Chess.com"]
[Date "2024.03.26"]
[Round "2"]
[White "KNVB"]
[Black "valeriocarnicelli"]
[Result "0-1"]
[WhiteElo "2786"]
[BlackElo "2565"]
[TimeControl "180+1"]
[EndTime "8:18:41 PDT"]
[Termination "valeriocarnicelli won by resignation"]

1. e4 c5 2. e5 Nc6 3. c3 Nxe5 4. d4 cxd4 5. cxd4 Ng6 6. h4 e6 7.
Nc3 Nf6 8. Bd3 a6 9. h5 Ne7 10. h6 g6 11. Bg5 Nc6 12. d5 Ne5 13. Bc2 d6 14. Nf3 Nxf3+ 15. Qxf3 Be7 16. dxe6 fxe6 17. O-O-O O-O 18. Kb1 Rb8 19. Bb3 b5 20. Rhe1 b4 21. Ne4 d5 22. Bxf6 Bxf6 23. Nxf6+ Qxf6 24. Qg3 Bd7 25. f3 a5 26. Qc7 Qd8 27. Qd6 a4 28. Bc2 a3 29. Re2 Qf6 30. Bb3 Rfd8 31. Rde1 Bc8 32. Qc7 Ba6 33. Rd2 axb2 34. Qe5 Qxe5 35. Rxe5 Rd6 36.
Kxb2 Rbd8 37. f4 Bc4 38. Bc2 Kf7 39. g4 Kf6 40. g5+ Kf7 41. Rd4 Ra8 42. Bb1 Rda6 43. a4 bxa3+ 44. Ka1 Rb6 45. f5 gxf5 46. Bxf5 exf5 47.
Rxf5+ Kg6 48. Rdf4 Rab8 49. Rf6+ Kxg5 50. R4f5+ Kg4 51.
Rf4+ Kg3 52. Rf3+ Kg2 53. Rxb6 Rxb6 54. Rxa3 Ra6 55. Rxa6 Bxa6 56. Kb2 Kf3 57. Kc3 Kg4 58. Kd4 Kg5 59. Kxd5 Kxh6 60. Ke4 Kg5 61. Kf3 h5 62.
Kg2 h4 63. Kh2 Kg4 64. Kh1 h3 65. Kg1 Kg3 66. Kh1 Bb7+ 67. Kg1 h2+ 68. Kf1 h1=Q+ 69. Ke2 Qe4+ 0-1

[Event "Early-Titled-Tuesday-Blitz-March-26-2024"]
[Site "Chess.com"]
[Date "2024.03.26"]
[Round "2"]
[White "Andrey_Klymchuk"]
[Black "stasOR4ik"]
[Result "1/2-1/2"]
[WhiteElo "2688"]
[BlackElo "2426"]
[TimeControl "180+1"]
[EndTime "8:18:41 PDT"]
[Termination "Game drawn - insufficient material"]

1. e4 c6 2. d4 d5 3. e5 c5 4. dxc5 Nc6 5. f4 Qa5+ 6. Nd2 e6 7. c3 Qxc5 8. Nb3 Qb6 9. Nf3 a5 10. a4 Nge7 11. Bb5 Bd7 12. Qe2 Nf5 13. g4 Nfe7 14. Be3 Qc7 15. O-O h5 16. g5 Nf5 17.
Bf2 h4 18. Nbd4 Ncxd4 19. Nxd4 g6 20. Nxf5 gxf5 21. Rac1 Bc5 22. c4 Bxf2+ 23. Qxf2 d4 24. Qxd4 Bc6 25. Qd6 Qxd6 26. exd6 Kd7 27. Rfd1 h3 28.
Kf2 Rh4 29. Ke3 Rg4 30. Rd2 Rh8 31. c5 Rhh4 32. Rf2 e5 33. fxe5 Re4+ 34. Kd2 Rxe5 35. Rc3 Rb4 36. Kc2 Bxb5 37. axb5 Rxb5 38. Rxh3 Rbxc5+ 39. Rc3 Kxd6 40. h4 Re4 41. Rxc5 Kxc5 42. Rxf5+ Kb4 43.
h5 Re2+ 44. Kb1 Rh2 45. h6 Kb3 46. Rb5+ Kc4 47. Rxb7 Rh5 48. Rxf7 Rxg5 49. h7 Rh5 50. Rb7 a4 51. Ka2 Rh3 52. Ra7 Kb4 53. Rb7+ Ka5 54. Kb1 Ka6 55. Rf7 Kb5 56. Kc2 Kb4 57. Kd2 Kb3 58.
Rb7+ Ka2 59. Ke2 Rh2+ 60. Kf3 Rh3+ 61. Kg4 Rh1 62. Kf5 Rxh7 63. Rxh7 Kxb2 64. Rb7+ Kc2 65. Ke4 a3 66. Ra7 Kb2 67. Kd3 a2 68. Rb7+ Kc1 69. Ra7 Kb2 70. Rb7+ Kc1 71. Rc7+ Kb2 72. Kd2 a1=Q 73. Rb7+ Ka2 74. Ra7+ Kb1 75. Rxa1+ Kxa1 1/2-1/2

[Event "Early-Titled-Tuesday-Blitz-March-26-2024"]
[Site "Chess.com"]
[Date "2024.03.26"]
[Round "2"]
[White "nindjaxx8"]
[Black "frederiksvane"]
[Result "0-1"]
[WhiteElo "2651"]
[BlackElo "2981"]
[TimeControl "180+1"]
[EndTime "8:18:42 PDT"]
[Termination "frederiksvane won by resignation"]

1. d4 Nf6 2. c4 e6 3. Nc3 Bb4 4. Qc2 c5 5. dxc5 O-O 6. a3 Bxc5 7. Nf3 d5 8. cxd5 exd5 9. e3 Nc6 10. Be2 Bg4 11. O-O Rc8 12. Rd1 Bb6 13. h3 Bh5 14. Qb3 Qe7 15. Bd2 d4 16. exd4 Bxf3 17. Bxf3 Nxd4 18. Qa4 Nxf3+ 19. gxf3 Qe5 20. Qf4 Qh5 21. Kg2 Rc6 22. Qg5 Re8 23. Re1 Rce6 24. Rxe6 Rxe6 25. Rd1 h6 26. Qxh5 Nxh5 27. Ne4 f5 28. Nc3 Kf7 29. Nd5 Bd4 30. Bc3 Bxc3 31. Nxc3 Nf4+ 32. Kg3 Nh5+ 33. Kg2 g5 34. Rd7+ Re7 35. Rd6 Re1 36. Rxh6 Nf4+ 37.
Kh2 Rf1 38. Rh7+ Kg6 39. Rxb7 Rxf2+ 40. Kg1 Rxf3 41. Rxa7 Nxh3+ 42. Kg2 g4 43. Nd5 Rd3 44. Ne7+ Kg5 45. Ra5 Rf3 46. b4 Nf4+ 47. Kg1 Ne2+ 48. Kg2 Nd4 49. Rd5 Rf4 50. b5 Re4 51. Nc6 Nxc6 52. bxc6 Rc4 53. Rd6 Rc2+ 54. Kf1 g3 55. a4 Kg4 56. a5 f4 57. a6 f3 58. Rd4+ Kf5 59. Rd1 Kf4 60. c7 g2+ 61. Kg1 Kg3 62.
Rd2 Rc1+ 0-1

[Event "Early-Titled-Tuesday-Blitz-March-26-2024"]
[Site "Chess.com"]
[Date "2024.03.26"]
[Round "2"]
[White "alexrustemov"]
[Black "astralpulse"]
[Result "1/2-1/2"]
[WhiteElo "2943"]
[BlackElo "2646"]
[TimeControl "180+1"]
[EndTime "8:18:42 PDT"]
[Termination "Game drawn - insufficient material"]

1. d4 d5 2. c4 e6 3. Nc3 Nf6 4. Nf3 Be7 5. Bg5 h6 6. Bxf6 Bxf6 7. e3 O-O 8. Rc1 c6 9. Bd3 Nd7 10. O-O dxc4 11. Bxc4 e5 12. h3 exd4 13. exd4 Nb6 14. Bb3 Re8 15. Qd2 a5 16. a3 Bf5 17. Rfe1 Qd6 18. Rxe8+ Rxe8 19. Re1 Rxe1+ 20. Qxe1 Qe7 21. Qxe7 Bxe7 22. Ne5 Be6 23. Bxe6 fxe6 24. Kf1 Kf8 25. Ke2 Ke8 26. Kd3 Bd6 27. Ne4 Ke7 28. f4 Nd5 29. g3 a4 30. Nc5 Bxe5 31. dxe5 b5 32. Kd4 Nb6 33. Nd3 Nd7 34. g4 g6 35. h4 h5 36. f5 exf5 37. gxh5 gxh5 38. Nf4 Nf8 39. Nxh5 Ng6 40. Kc5 Kd7 41. e6+ Kxe6 42. Kxc6 Nxh4 43. Kxb5 Ng6 44. Kxa4 f4 45. Kb5 f3 46. Ng3 f2 47.
a4 Ne7 48. a5 Kd7 49. Kb6 Kc8 50.
b4 Nd5+ 51. Kc5 Nc3 52. Nf1 Kb7 53. b5 Kc7 54. a6 Na4+ 55. Kb4 Nb6 56. Ka5 Na8 57.
Ne3 Nb6 58. Kb4 Na8 59. Kc5 Nb6 60. a7 Kb7 61. Nf1 Kxa7 62. Kd4 Nd7 63. Ke3 Kb6 64. Kxf2 Kxb5 1/2-1/2

[Event "Early-Titled-Tuesday-Blitz-March-26-2024"]
[Site "Chess.com"]
[Date "2024.03.26"]
[Round "2"]
[White "stollenmonster"]
[Black "Vahe_Danielyan"]
[Result "0-1"]
[WhiteElo "2898"]
[BlackElo "2632"]
[TimeControl "180+1"]
[EndTime "8:18:42 PDT"]
[Termination "Vahe_Danielyan won by resignation"]

1. e4 c6 2. d4 d5 3. e5 Bf5 4.
Ne2 e6 5. Ng3 Bg6 6. h4 h6 7. h5 Bh7 8. Bd3 Bxd3 9. cxd3 Qb6 10.
Be3 Qxb2 11. Nd2 Qa3 12. O-O Qxd3 13. Rb1 Qa6 14. Qg4 Ne7 15. f4 Nd7 16. f5 Qd3 17. Rb3 Qa6 18. fxe6 fxe6 19. Qxe6 O-O-O 20. Rxf8 Rhxf8 21. Qxe7 Rde8 22. Qd6 c5 23. Qxd5 Qc6 24. Qxc6+ bxc6 25. Nc4 Kc7 26. Ra3 a6 27. dxc5 Nxe5 28. Nd6 Rb8 29. Rb3 Rxb3 30. axb3 Ng4 31. Bd4 Rb8 32. Kf1 Rxb3 33. Ngf5 a5 34. Nxg7 a4 35.
Nge8+ Kd7 36. Nf6+ Nxf6 37. Bxf6 a3 38. Nc4 Rb4 39.
Ne5+ Ke6 40. Bg7 Rb7 41. Bh8 Rb8 42. Bg7 Rb1+ 43. Kf2 Rb2+ 44. Kf3 a2 45. Nxc6 a1=Q 46. Nd4+ Kf7 47. Be5 Qd1+ 48. Ke4 Rxg2 49. Kd5 Rg5 50. c6 Qh1+ 51. Kd6 Rxe5 52. Kxe5 Qxh5+ 53. Kd6 Qh2+ 54. Kd7 h5 55. c7 Qh3+ 56. Kd8 Qd3 57. c8=Q Qxd4+ 58.
Kc7 Qc5+ 0-1

[Event "Early-Titled-Tuesday-Blitz-March-26-2024"]
[Site "Chess.com"]
[Date "2024.03.26"]
[Round "2"]
[White "AlexeiShirov"]
[Black "chucksterf10"]
[Result "1/2-1/2"]
[WhiteElo "2854"]
[BlackElo "2587"]
[TimeControl "180+1"]
[EndTime "8:18:42 PDT"]
[Termination "Game drawn - insufficient material"]

1. e4 e5 2. Nf3 Nc6 3. Bc4 Nf6 4. d3 h6 5. O-O d6 6. c3 g5 7. b4 Bg7 8. a4 Be6 9. Na3 Qd7 10. Bxe6 fxe6 11. d4 Nxe4 12. Qc2 Nxc3 13. Qxc3 e4 14. b5 exf3 15. bxc6 Qxc6 16. Qxc6+ bxc6 17. Be3 fxg2 18. Kxg2 Kd7 19. Rab1 Rhf8 20. Nc4 Rab8 21. Rfc1 Rfc8 22. Na5 Rxb1 23. Rxb1 e5 24.
dxe5 Bxe5 25. Nc4 Bc3 26. Bxa7 Ra8 27. Be3 Rxa4 28. Nd2 Rg4+ 29. Kf3 Rh4 30. Nf1 Be5 31. Rb8 c5 32. Rf8 c4 33. Ng3 Rxh2 34. Rf7+ Kc6 35.
Nf5 c3 36. Ne7+ Kb5 37. Ng6 c6 38. Nxe5 dxe5 39. Rf5 Kb4 40. Rxe5 Rh4 41. Re6 c5 42. Rb6+ Ka5 43. Rc6 c4 44. Ke2 Kb5 45. Rb6+ Ka4 46.
Kd1 Ka5 47. Rb8 Re4 48. Kc2 g4 49. Bxh6 Re2+ 50. Kxc3 Rxf2 51. Kxc4 Rc2+ 52. Kd3 Rc6 53. Bd2+ Ka6 54. Rg8 Rd6+ 55. Ke2 Rd4 56. Be3 Re4 57. Kf2 Kb5 58. Bh6 Kc4 59. Kg3 Kd3 60. Rxg4 Rxg4+ 61. Kxg4 1/2-1/2

[Event "Early-Titled-Tuesday-Blitz-March-26-2024"]
[Site "Chess.com"]
[Date "2024.03.26"]
[Round "2"]
[White "Hope_6"]
[Black "balack95"]
[Result "0-1"]
[WhiteElo "2698"]
[BlackElo "2439"]
[TimeControl "180+1"]
[EndTime "8:18:42 PDT"]
[Termination "balack95 won by checkmate"]

1. d4 Nf6 2. c4 e6 3. Nf3 d5 4. Nc3 h6 5. Bf4 Bd6 6. Bxd6 Qxd6 7. e3 O-O 8. c5 Qe7 9. Bd3 c6 10. O-O Nbd7 11. b4 e5 12. dxe5 Nxe5 13. Nxe5 Qxe5 14. Ne2 Bg4 15. h3 Bxe2 16. Qxe2 Rfe8 17. Qc2 a6 18. a4 d4 19. exd4 Qxd4 20. Rab1 Nd5 21. Rfd1 Kh8 22. b5 axb5 23. axb5 Nf4 24. Bf1 Qf6 25. bxc6 bxc6 26. Rb6 Ra5 27. Rd6 Qg5 28. g3 Rxc5 29. Qd1 Rc1 30. Qd2 Nxh3+ 31. Kg2 Qxd2 32. Rxd2 Ng5 33. Bd3 c5 34. Rb1 Rxb1 35. Bxb1 c4 36. Rc2 Rc8 37. Ba2 c3 38. f4 Ne4 39. Kf3 f5 40. Be6 Rc5 41.
g4 Nd2+ 42. Ke3 fxg4 43. Kd3 g3 44. Bh3 Kg8 45. Rxc3 Rxc3+ 46. Kxc3 Ne4+ 47. Kd4 Nf2 48. Bg2 h5 49. Ke3 h4 50. Kf3 Kf7 51. Bf1 Kf6 52.
Kg2 Kf5 53. Bc4 Kxf4 54. Bf7 g5 55. Be6 g4 56. Bd5 h3+ 57. Kg1 h2+ 58. Kf1 h1=Q+ 59. Bxh1 Nxh1 60. Kg2 Nf2 61. Kg1 Kg5 62. Kg2 Kh4 63.
Kg1 Kh3 64. Kf1 Kh2 65. Ke2 g2 66. Ke3 g1=Q 67. Kf4 Qg3+ 68. Kf5 Qf3+ 69. Ke6 g3 70. Kd6 g2 71. Kc5 g1=Q 72. Kb6 Qgg4 73. Kb5 Qff5+ 74. Kb6 Qgg6+ 75. Kb7 Qff7+ 76. Kb8 Qgg8# 0-1

[Event "Early-Titled-Tuesday-Blitz-March-26-2024"]
[Site "Chess.com"]
[Date "2024.03.26"]
[Round "2"]
[White "sokidze"]
[Black "Road2GM3000"]
[Result "1-0"]
[WhiteElo "2782"]
[BlackElo "2420"]
[TimeControl "180+1"]
[EndTime "8:18:43 PDT"]
[Termination "sokidze won by resignation"]

1. d4 d5 2. c4 c6 3. cxd5 cxd5 4. Bf4 Nf6 5. Nc3 Nc6 6. e3 a6 7.
Be2 e6 8. Nf3 Bd6 9. Bxd6 Qxd6 10.
O-O O-O 11. Na4 Ne4 12. Rc1 b5 13. Nc5 Nxc5 14. Rxc5 Bd7 15. Qc2 Rfc8 16. Rc1 Ne7 17. b4 Rxc5 18. bxc5 Qc7 19. Bd3 h6 20. Qd2 Nc6 21.
Bb1 a5 22. Qd3 g6 23. h4 h5 24. Ng5 Be8 25. e4 Qf4 26. Qe3 Qxe3 27. fxe3 b4 28. Nf3 a4 29. exd5 exd5 30. e4 dxe4 31. Bxe4 b3 32.
axb3 axb3 33. Rb1 Rb8 34. d5 Na5 35. c6 Rc8 36. Nd4 Kf8 37. Nxb3 Nxc6 38. dxc6 Bxc6 39. Rc1 Bd7 40. Rxc8+ Bxc8 41. Kf2 Kg7 42. Nd4 Bd7 43. Ke3 f6 44. Kf4 Kh6 45. Nf3 Bg4 46. Bd5 Bxf3 47. gxf3 g5+ 48. hxg5+ fxg5+ 49. Kf5 h4 50. Kg4 Kg6 51.
Bc6 Kf6 52. Be4 Ke5 53. Kxg5 h3 54. Ba8 h2 55. f4+ Kd6 56. f5 Ke7 57. f6+ Kf8 58. Kg6 Kg8 59. f7+ Kf8 60. Bh1 1-0

[Event "Early-Titled-Tuesday-Blitz-March-26-2024"]
[Site "Chess.com"]
[Date "2024.03.26"]
[Round "2"]
[White "Likvidator228"]
[Black "Cayse"]
[Result "1-0"]
[WhiteElo "2580"]
[BlackElo "2816"]
[TimeControl "180+1"]
[EndTime "8:18:47 PDT"]
[Termination "Likvidator228 won on time"]

1. d4 e6 2. Bf4 c5 3. e3 Nc6 4. c3 Nf6 5. Nd2 b6 6. h3 Bb7 7. Ngf3 Be7 8. Bd3 O-O 9. O-O d5 10. Ne5 Nxe5 11. Bxe5 Nd7 12. Bg3 a5 13. Qe2 f5 14. Nf3 Bf6 15. Bb5 Qe7 16. Rfe1 h6 17. Bxd7 Qxd7 18. Be5 Be7 19. Bg3 Ba6 20. Qc2 Rac8 21.
Ne5 Qe8 22. Qb3 b5 23. a4 b4 24. cxb4 c4 25. Qd1 axb4 26. Qc2 Kh7 27. Rec1 Qd8 28. f3 Qa5 29. Be1 Bd6 30. f4 Qc7 31. Kh1 Rb8 32.
Qd1 Rfc8 33. Qh5 Bxe5 34. fxe5 c3 35. bxc3 b3 36. Rcb1 Bc4 37. Rb2 Ra8 38. g4 fxg4 39. hxg4 Rf8 40. Bg3 Qd7 41. g5 Rxa4 42. Rg1 Ra2 43.
gxh6 g6 44. Qh2 Rf3 45. Bf4 Qf7 46. Rxa2 bxa2 47. Qg2 Rxf4 48. exf4 Qf5 49. Qg3 Qb1 50. Qg5 Qe4+ 51. Kh2 Qf5 52. Qe7+ Kxh6 53. Qh4+ Qh5 54.
Kg3 Qxh4+ 55. Kxh4 Bd3 56. Ra1 Bb1 57. Kg4 Kg7 58. Kg5 Kf7 59. Kh6 Ke7 60. Kg7 Ke8 61. Kf6 Kd7 62. Kf7 1-0

[Event "Early-Titled-Tuesday-Blitz-March-26-2024"]
[Site "Chess.com"]
[Date "2024.03.26"]
[Round "2"]
[White "mary-sanna"]
[Black "StankovicIvan"]
[Result "1-0"]
[WhiteElo "2235"]
[BlackElo "2485"]
[TimeControl "180+1"]
[EndTime "8:18:48 PDT"]
[Termination "mary-sanna won by resignation"]

1. d4 d5 2. c4 c6 3. Nf3 Nf6 4. g3 dxc4 5. Bg2 b5 6. Ne5 Bb7 7. a4 a6 8. b3 cxb3 9. Qxb3 e6 10. Bb2 Bd6 11. O-O O-O 12. Rc1 Nd5 13. Nd2 Bxe5 14.
dxe5 Nd7 15. Ne4 c5 16. Nxc5 Nxc5 17. Rxc5 b4 18. a5 Rc8 19. Rac1 Rxc5 20. Rxc5 Qd7 21. e4 Ne7 22. Qxb4 Rc8 23. Rxc8+ Nxc8 24. Ba3 h6 25. h4 Na7 26. Qd6 Bc6 27. Qxd7 Bxd7 28. Bf1 Nc6 29. Bxa6 Nxa5 30. Bd6 Bc6 31. Bd3 Nb7 32. f3 f6 33.
Bc7 Kf7 34. Kf2 Nc5 35. Bc4 Ke7 36. Bd6+ Kf7 37. Bxc5 fxe5 38. Ke3 Kf6 39. Bd6 g5 40. hxg5+ hxg5 41. Bc7 Ba4 42. Ba5 Bd1 43. Bc3 Ba4 44. f4 gxf4+ 45. gxf4 Kf7 46. Bxe5 Ke7 47. Kd4 Bd7 48. Kc5 Bc8 49. Bb5 Bb7 50. Bc6 Bc8 51. Bd6+ Kf6 52. Kd4 Ba6 53. Bc7 Bf1 54. Bd8+ Kf7 55.
Ke5 Bh3 56. Bb5 Kg6 57. Bh4 Kf7 58. Bc4 Bg4 59. f5 1-0

[Event "Early-Titled-Tuesday-Blitz-March-26-2024"]
[Site "Chess.com"]
[Date "2024.03.26"]
[Round "2"]
[White "abelmat"]
[Black "Manukyan_Artak"]
[Result "0-1"]
[WhiteElo "2084"]
[BlackElo "2467"]
[TimeControl "180+1"]
[EndTime "8:18:52 PDT"]
[Termination "Manukyan_Artak won by checkmate"]

1. c4 Nf6 2. Nc3 g6 3. Nf3 Bg7 4. g3 O-O 5. Bg2 c5 6. O-O Nc6 7.
d4 cxd4 8. Nxd4 d6 9. Nxc6 bxc6 10. Bxc6 Bh3 11. Bg2 Bxg2 12. Kxg2 Qc8 13. Qd3 Nd7 14. Bf4 Qb7+ 15. Kg1 Qxb2 16. Nd5 Bf6 17. Bh6 Rfe8 18. Nc7 Qb7 19. Nxa8 Bxa1 20. Rxa1 Qxa8 21. Qd4 f6 22. Rb1 Ne5 23. c5 dxc5 24. Qxc5 Qe4 25. Rb2 Rd8 26.
Rd2 Rb8 27. f3 Qb7 28. Qd5+ Qxd5 29. Rxd5 g5 30. h4 gxh4 31. gxh4 Kf7 32. Bf4 Rb1+ 33. Kf2 Ng6 34. Bg3 Rb7 35. h5 Nf8 36. a4 Ne6 37. a5 Rc7 38. Rb5 Rc5 39. Rxc5 Nxc5 40. Ke3 e5 41.
Kd2 Nb3+ 42. Kc3 Nxa5 43. Kb4 Nc6+ 44. Kb5 Nd4+ 45. Ka6 Nxe2 46. Kxa7 Nxg3 47. Kb6 Nxh5 48. Kc5 Ke6 49. Kc4 Nf4 50. Kc3 h5 51. Kd2 h4 52.
Ke3 h3 53. Kf2 Kf5 54. Kg3 Kg5 55. Kh2 Kh4 56. Kg1 Kg3 57. Kh1 Nd3 58. Kg1 f5 59.
Kh1 e4 60. Kg1 exf3 61. Kh1 Nf2+ 62. Kg1 h2+ 63. Kf1 h1=Q# 0-1

[Event "Early-Titled-Tuesday-Blitz-March-26-2024"]
[Site "Chess.com"]
[Date "2024.03.26"]
[Round "2"]
[White "YegoryoCh"]
[Black "lluiss"]
[Result "1-0"]
[WhiteElo "2500"]
[BlackElo "2211"]
[TimeControl "180+1"]
[EndTime "8:18:54 PDT"]
[Termination "YegoryoCh won by resignation"]

1. e4 e6 2. d4 d5 3. e5 c5 4. c3 Ne7 5. Na3 Nec6 6. Nc2 b6 7. Nf3 Ba6 8. Bxa6 Nxa6 9. O-O Be7 10. a3 c4 11. Nb4 Naxb4 12. axb4 b5 13. h3 a5 14.
bxa5 Rxa5 15. Be3 O-O 16. b4 Ra8 17. Qc2 Qc7 18. Bg5 h6 19. Bxe7 Nxe7 20. Ra2 Ra7 21. Rfa1 Rfa8 22. Qb2 Qb7 23. Ra3 Nc6 24. R1a2 Rxa3 25.
Rxa3 Rxa3 26. Qxa3 Qa7 27. Qb2 Qa4 28. Qd2 Ne7 29. Nh4 Qa1+ 30. Kh2 Ng6 31. Nf3 Qb1 32. g3 Ne7 33. Ne1 Nc8 34. Nc2 Nb6 35. Na3 Qd3 36.
Qc1 Na4 37. Nxb5 Qe2 38. Kg2 Qe4+ 39. Kg1 Qf5 40. h4 Qd3 41. Qa3 Qd1+ 42. Kg2 g5 43. hxg5 hxg5 44. Nd6 g4 45. Qa2 Qf3+ 46. Kh2 Nxc3 47.
Qd2 Ne4 48. Qe1 Nxf2 49. b5 Nh3 50. b6 Qb3 51. b7 Qb2+ 52. Kh1 Nf2+ 53. Kg1 Nh3+ 54.
Kh1 Nf2+ 55. Kg1 Nh3+ 56. Kf1 Qb4 57. Qxb4 Nf4 1-0